 Dungeon Crawl Stone Soup version 0.29-a0-925-g0a7a3d12f8 (webtiles) character file.

Game seed: 8420788340767439151

281 ptdevnull the Slasher (level 6, -6/48 HPs)
             Began as a Merfolk Gladiator on July 28, 2022.
             Killed by nerve-wracking pain
             ... invoked by Grinder
              (14 damage)
             ... on level 3 of the Dungeon.
             The game lasted 00:04:58 (2471 turns).

ptdevnull the Slasher (Merfolk Gladiator)           Turns: 2471, Time: 00:04:58

Health: -6/48      AC:  4    Str: 14    XL:     6   Next: 27%
Magic:  6/6        EV: 14    Int:  8    God:
Gold:   194        SH:  0    Dex: 17    Spells: 5/5 levels left

rFire   + . .      SeeInvis .   a - +0 long sword (vorpal)
rCold   + . .      Faith    .   (no shield)
rNeg    . . .      Spirit   .   b - +0 leather armour
rPois   .          Reflect  .   g - +0 helmet
rElec   .          Harm     .   y - scarf {rC+ rF+}
rCorr   +          Rampage  .   (no gloves)
Will    .....                   (no boots)
Stlth   +.........              (no amulet)
HPRegen 0.16/turn               j - ring of resist corrosion
MPRegen 0.10/turn               (no ring)

@: mighty, attractive
A: (nimble swimmer 2), mertail
a: no special abilities


You were on level 3 of the Dungeon.
You visited 1 branch of the dungeon, and saw 3 of its levels.

You collected 194 gold pieces.

Inventory:

Hand Weapons
 a - a +0 vorpal long sword (weapon)
 f - a +2 short sword of freezing
Missiles
 d - 4 throwing nets (quivered)
 e - a javelin
 k - 6 poisoned darts
 l - 3 boomerangs
Armour
 b - a +0 leather armour (worn)
 g - a +0 helmet (worn)
 y - a scarf of resistance (worn)
Jewellery
 c - a ring of positive energy
 j - a ring of resist corrosion (left hand)
Wands
 v - a wand of light (5)
Scrolls
 p - a scroll of noise
Potions
 h - a potion of curing
 r - a potion of heal wounds {unknown}
 x - a potion of brilliance {unknown}


   Skills:
 + Level 3.8 Fighting
 * Level 6.4 Long Blades
 - Level 2.0 Throwing
 + Level 5.6 Dodging


You had 5 spell levels left.
You didn't know any spells.
Your spell library contained the following spells:

 Spells                   Type           Power      Damage    Failure   Level
 Static Discharge         Conj/Air       0%         3-3/arc   63%         2
 Ozocubu's Armour         Ice            0%         N/A       86%         3
 Dispel Undead            Necr           0%         3d6       99%         4
 Sticky Flame             Conj/Fire      0%         2d3       99%         4
 Ozocubu's Refrigeration  Ice            0%         4d5       100%        7


Dungeon Overview and Level Annotations

Branches:
Dungeon (3/15)

Altars:
Dithmenos

Annotations:
D:3 Grinder


Innate Abilities, Weirdness & Mutations

((You are very nimble when in or above water. (Stealth+, EV+, Speed+++)))
Your lower body shifts to a powerful aquatic tail in water.


Message History

The bat barely misses you. Grinder hits you.
You writhe in agony.
You closely miss Grinder.
Grinder is lightly wounded.
The bat closely misses you. Grinder gestures at you.
You barely resist.
It was a potion of attraction.
You feel attractive to monsters. The bat misses you. Grinder gestures at you.
You suddenly lose the ability to move!
The bat is attracted toward you. The bat hits you but does no damage.
Grinder gestures at you.
You shrug off the repeated paralysis!
The bat hits you but does no damage. Grinder hits you but does no damage.
The bat is attracted toward you. The bat hits you but does no damage.
Grinder hits you. The bat is attracted toward you.
The bat hits you but does no damage. Grinder hits you.
You writhe in agony.
You can move again.
It was a potion of might.
You feel very mighty all of a sudden. The bat closely misses you.
Grinder blinks!
The bat is attracted toward you. Grinder is attracted toward you.
You slash the bat!
You kill the bat!
Grinder closely misses you.
You slash Grinder!
Grinder is heavily wounded.
Grinder gestures at you. Pain shoots through your body!
* * * LOW HITPOINT WARNING * * *
You slash Grinder!
Grinder is almost dead.
Grinder blinks!
Grinder is attracted toward you. Grinder is attracted toward you.
You closely miss Grinder.
Grinder is almost dead.
Grinder gestures at you. Pain shoots through your body!
You die...

#..@.n ####.#
.... #### #
##### ### #
##...#...#
##.......>. ..
#...?..^.§. #..
#..@5§.....
#.##..†.......
##.....$.......
#..........#...#
######
.........### ###
......
.........#
######
#........#
#........# #
#........#


You could see Grinder.

Vanquished Creatures
  Sigmund (D:3)
  A necrophage (D:3)
  An adder (D:2)
  A worm (D:2)
  3 orcs (D:3)
  5 ball pythons
  4 endoplasms
  2 giant cockroaches (D:1)
  A goblin (D:3)
  4 hobgoblins
  4 jackals (D:2)
  7 kobolds
  A quokka (D:1)
  6 bats
  4 frilled lizards
  3 rats (D:1)
48 creatures vanquished.

Notes
Turn   | Place    | Note
-------+----------+-------------------------------------------
     0 | D:1      | ptdevnull the Merfolk Gladiator began the quest for the
                  | Orb.
     0 | D:1      | Reached XP level 1. HP: 16/16 MP: 1/1
   177 | D:1      | Reached skill level 4 in Long Blades
   177 | D:1      | Reached XP level 2. HP: 18/23 MP: 2/2
  1105 | D:2      | Reached XP level 3. HP: 27/28 MP: 3/3
  1140 | D:2      | Found a shadowy altar of Dithmenos.
  1868 | D:3      | Reached XP level 4. HP: 34/34 MP: 4/4
  1952 | D:3      | Found a faded altar of an unknown god.
  2025 | D:3      | Noticed Sigmund
  2026 | D:3      | Noticed a necrophage
  2261 | D:3      | Killed Sigmund
  2262 | D:3      | Reached skill level 6 in Long Blades
  2262 | D:3      | Reached skill level 5 in Dodging
  2262 | D:3      | Reached XP level 5. HP: 20/42 MP: 5/5
  2301 | D:3      | Reached XP level 6. HP: 30/48 MP: 6/6
  2446 | D:3      | Noticed Grinder
  2461 | D:3      | Paralysed by Grinder for 5 turns
  2471 | D:3      | Killed from afar by Grinder

Illustrated notes

Levels and vault maps discovered:
D:1:      amcnicky_arrival_feature_with_door, layout_loops_ring,
          minmay_distorted
D:2:      layout_rooms, basic_altar
D:3:      layout_rooms, ebering_ecumenical_altar_mist, uniq_sigmund,
          uniq_grinder

Skill      XL: |  1  2  3  4 |
---------------+-------------+-----
Long Blades    | 4 6 |  6.4
Fighting       | 3 |  3.8
Dodging        | 5 |  5.6
Throwing       | |  2.0

Action                   |  1- 3 |  4- 6 || total
-------------------------+-------+-------++-------
Melee: Long sword        |   137 |    26 ||   163
Evoke: Wand              |       |     3 ||     3
  Use: Scroll            |       |     8 ||     8
       Potion            |       |     3 ||     3
 Stab: Sleeping          |     2 |       ||     2
Armor: Leather armour    |    43 |    11 ||    54
Dodge: Dodged            |   121 |    27 ||   148

Table legend: (Time is in decaauts)
 A = Elapsed time spent in this place.
 B = Non-inter-level travel time spent in this place.
 C = Inter-level travel time spent in this place.
 D = Time resting spent in this place.
 E = Time spent auto-exploring this place.
 F = Levels seen in this place.
 G = Mean time per level.
                   A        B        C        D        E       F      G
               +--------+--------+--------+--------+--------+-----+--------+
         Total |   2500 |   2429 |     71 |    224 |   1717 |   3 |  833.3 |
       Dungeon |   2500 |   2429 |     71 |    224 |   1717 |   3 |  833.3 |
               +--------+--------+--------+--------+--------+-----+--------+

Top non-repeatable levels by time:
     D:1: 1097 daAuts
     D:2: 733 daAuts
     D:3: 669 daAuts
